 Dungeon Sprint DCSS version 0.31-a0-868-g674d60d6f7 (webtiles) character file.

Game seed: 8934851371745669797

926 rocky1 the Carver (level 8, -15/59 HPs)
             Began as a Djinni Gladiator on Oct 12, 2023.
             Was an Initiate of Gozag.
             Demolished by a wyvern (16 damage)
             ... in the Dungeon (Sprint II: "The Violet Keep of Menkaure").
             The game lasted 00:03:35 (758 turns).

rocky1 the Carver (Djinni Gladiator)                 Turns: 758, Time: 00:03:35

Health: -15/59     AC:  4    Str: 13    XL:     8   Next: 32%
Gold:   6          EV: 17    Int: 10    God:    Gozag SH:  0 Dex: 17

rFire   + + .        g - +2 demon blade (freeze)
rCold   x . .        (no shield)
rNeg    . . .        b - +0 leather armour
rPois   ∞            c - +0 helmet
rElec   .            (no cloak)
rCorr   .            (no gloves)
SInv    .            (boots unavailable)
Will    .....        (no amulet)
Stlth   +            (no ring)
HPRegen 0.29/turn    (no ring)
MPRegen 0.00/turn

%: no teleportation, infuse magic (-16 HP)
@: gold aura, flying
A: sickness immunity, fire resistance 2, cold vulnerability 1, float, innate
caster, HP casting, extra vitality 1
a: Renounce Religion, Potion Petition, Call Merchant, Bribe Branch


You were in the Dungeon.
You worshipped Gozag.
Gozag was noncommittal.
You visited 1 branch You collected 891 gold pieces.
You spent 885 gold pieces at shops.

Inventory:

Hand Weapons
 a - a +0 long sword
 g - a +2 demon blade of freezing (weapon)
Missiles
 d - 3 throwing nets (quivered)
 e - a javelin
Armour
 b - a +0 leather armour (worn)
 c - a +0 helmet (worn)
Wands
 f - a wand of charming (5)
Scrolls
 j - 2 scrolls of blinking
Potions
 h - a potion of curing
 i - a potion of heal wounds
 k - a potion of resistance


   Skills:
 + Level 5.1 Fighting
 * Level 12.9 Long Blades
 - Level 2.3 Throwing
 + Level 3.7 Armour
 + Level 9.4 Dodging


You knew the following spells:

 Your Spells              Type           Power      Damage    Failure   Level
a - Slow                  Hex            0%         N/A       43%         1
b - Passwall              Tmut/Erth      0%         N/A       56%         2
c - Momentum Strike       Conj/Tloc      0%         3d8       56%         2
Your spell library was empty.

Dungeon Overview and Level Annotations

Branches:
Dungeon (1/1)

Altars:
Cheibriados
Dithmenos
Elyvilon
Fedhas
Gozag
Hepliaklqana
Makhleb
Nemelex Xobeh
Okawaru
Qazlal
Ru
Trog
Uskayaw
Wu Jian
Xom
Yredelemnul
Zin
The Shining One
Jiyva
Lugonu

Shops:
D :=:*=!:[:?[!(?[

Annotations:
D exclusion: oklob plant


Innate Abilities, Weirdness & Mutations

You are immune to sickness and miasma.
You are immune to poison.
Your flesh is very heat resistant. (rF++)
You are vulnerable to cold. (rC-)
You float through the air rather than walking.
You learn spells naturally, not from books.
Your magical power is your life essence.
You have superior vitality. (+4 MHP)


Message History

The wyvern bites you.
You hit the wyvern. You freeze the wyvern.
The wyvern is heavily wounded.
The wyvern misses you.
You slash the wyvern! You freeze the wyvern.
The wyvern is almost dead.
The wyvern bites you!
You closely miss the wyvern.
The wyvern is almost dead.
The wyvern completely misses you.
You slash the wyvern! You freeze the wyvern.
You kill the wyvern!
Your Fighting skill increases to level 5!
You closely miss the wyvern. The wyvern bites you!
* * * LOW HITPOINT WARNING * * *
You barely miss the wyvern. The wyvern closely misses you.
You slash the wyvern! You freeze the wyvern.
The wyvern is moderately wounded.
The wyvern bites you!
* * * LOW HITPOINT WARNING * * *
You feel much better. The wyvern barely misses you.
You slash the wyvern! You freeze the wyvern.
The wyvern is almost dead.
The wyvern bites you!
* * * LOW HITPOINT WARNING * * *
You hit the wyvern but do no damage.
The wyvern is almost dead.
The wyvern barely misses you.
You completely miss the wyvern.
The wyvern is almost dead.
The wyvern misses you.
You hit the wyvern. You freeze the wyvern.
The wyvern is almost dead.
The wyvern bites you!
* * * LOW HITPOINT WARNING * * *
You closely miss the wyvern.
The wyvern is almost dead.
The wyvern bites you!
You die...
Your body crumbles into a pile of gold.

###########~~#++ ##########~~~...
#....∩.∩.#~~~~.## ##
#...∩.∩..#~~~~##. .##.#### .###
#..∩.∩...#~~~~#.B .. ...# ...#
#.⌠.∩....#~~### .#B ###..## #..#
#..∩.∩...#~##. #+###.##..# +..#
#...∩.∩..#~# #.##.##..##..# #.^#
#....∩...'~+ #l@<.'##.+..####..#
#.....∩.∩#~# #.##.##..##....###..
▓▓▓▓▓▓▓###~##. ##'###.##...§..~~~
#[EF######~~####...####~~.§...~#'
#[(F#s ##~~~#..#..#~~~§~~~..~#.
#∩P)+. #'#~##.#.##~~~§~§~~.~#.
#((. ? #.#~~##'##~~~≈≈≈§§~~~#_
#($$ ####~~~~~~~~~§≈≈§§~~~#. ##+#
#+++#+++#~≈≈§≈§≈≈~#.


You could see a wyvern.

Vanquished Creatures
  A wyvern (D)
  A vampire mosquito (D)
  Menkaure (D)
  A water moccasin (D)
  4 necrophages (D)
  4 scorpions (D)
12 creatures vanquished.

Vanquished Creatures (others)
  A water moccasin (D)
1 creature vanquished.

Grand Total: 13 creatures vanquished

Notes
Turn   | Place    | Note
-------+----------+-------------------------------------------
     0 | D        | rocky1 the Djinni Gladiator began the quest for the Orb.
     0 | D        | Reached XP level 1. HP: 18/18 MP: 0/0
     1 | D        | Noticed a boulder beetle
     1 | D        | Noticed a boulder beetle
     5 | D        | Noticed a wyvern
     5 | D        | Noticed a wyvern
     9 | D        | Noticed a scorpion
     9 | D        | Noticed a scorpion
     9 | D        | Noticed a scorpion
     9 | D        | Noticed a scorpion
    14 | D        | Killed a scorpion
    15 | D        | Reached skill level 5 in Long Blades
    15 | D        | Reached skill level 5 in Dodging
    15 | D        | Reached XP level 2. HP: 25/25 MP: 0/0
    15 | D        | Reached XP level 3. HP: 30/30 MP: 0/0
    15 | D        | Learned a level 1 spell: Slow
    15 | D        | Reached XP level 4. HP: 35/35 MP: 0/0
    18 | D        | Killed a scorpion
    19 | D        | Reached skill level 6 in Long Blades
    19 | D        | Reached XP level 5. HP: 40/40 MP: 0/0
    19 | D        | Learned a level 2 spell: Passwall
    22 | D        | Reached skill level 8 in Long Blades
    22 | D        | Reached skill level 1 in Armour
    25 | D        | Reached XP level 6. HP: 44/47 MP: 0/0
    53 | D        | Noticed Menkaure
    54 | D        | Found a hazy altar of Hepliaklqana.
    54 | D        | Found a snail-covered altar of Cheibriados.
    55 | D        | Found a stormy altar of Qazlal.
    55 | D        | Found a viscous altar of Jiyva.
    55 | D        | Found a shadowy altar of Dithmenos.
    56 | D        | Found a sacrificial altar of Ru.
    56 | D        | Found a white marble altar of Elyvilon.
    57 | D        | Found an ornate altar of the Wu Jian Council.
    57 | D        | Found a corrupted altar of Lugonu.
    58 | D        | Found a shimmering altar of Xom.
    58 | D        | Found a bloodstained altar of Trog.
    58 | D        | Found a burning altar of Makhleb.
    59 | D        | Found a glowing golden altar of the Shining One.
    59 | D        | Found a basalt altar of Yredelemnul.
    59 | D        | Found a hide-covered altar of Uskayaw.
    60 | D        | Found a glowing silver altar of Zin.
    60 | D        | Found a blossoming altar of Fedhas.
    60 | D        | Found a sparkling altar of Nemelex Xobeh.
    61 | D        | Found an opulent altar of Gozag.
    61 | D        | Found an iron altar of Okawaru.
    64 | D        | Noticed a water moccasin
    64 | D        | Noticed a water moccasin
    70 | D        | Became a worshipper of Gozag Ym Sagoz the Greedy
    83 | D        | Killed Menkaure
    84 | D        | Reached skill level 9 in Long Blades
   234 | D        | Reached skill level 10 in Long Blades
   234 | D        | Reached XP level 7. HP: 40/52 MP: 0/0
   234 | D        | Learned a level 2 spell: Momentum Strike
   252 | D        | Reached skill level 11 in Long Blades
   293 | D        | Killed a water moccasin
   406 | D        | Found Wycwajov's Armour Shop.
   410 | D        | Found Jiffouk's Antique Weapon Boutique.
   410 | D        | Found Moj Ech's Distillery.
   412 | D        | Found Ucvuuxto's Magic Scroll Shop.
   412 | D        | Found Zeasaz's Book Boutique.
   413 | D        | Found Raqeihup's Distillery.
   413 | D        | Found Tedaaczo's Jewellery Shop.
   414 | D        | Noticed a vampire mosquito
   435 | D        | Killed a vampire mosquito
   436 | D        | Reached skill level 12 in Long Blades
   612 | D        | Found Lekludgha's Antique Armour Shop.
   613 | D        | Found Qisyten's Book Shop.
   613 | D        | Found Xiecsum's Jewellery Boutique.
   614 | D        | Found Fuuvun's Antique Armour Shop.
   614 | D        | Found Benaq's General Store.
   615 | D        | Found Gymakar's Magic Scroll Shop.
   615 | D        | Found Inuge's Book Boutique.
   617 | D        | Noticed a cane toad
   617 | D        | Noticed a cane toad
   618 | D        | Noticed a water moccasin
   618 | D        | Noticed an oklob plant
   620 | D        | Found Ecveufoth's Book Shoppe.
   626 | D        | Noticed an iron elemental
   632 | D        | Killed a water moccasin
   633 | D        | Reached XP level 8. HP: 44/58 MP: 0/0
   640 | D        | Bought a runed demon blade for 396 gold pieces
   690 | D        | Bought a scroll of blinking for 97 gold pieces
   698 | D        | Bought a potion of curing for 42 gold pieces
   698 | D        | Bought a potion of heal wounds for 70 gold pieces
   708 | D        | Bought a potion of heal wounds for 70 gold pieces
   708 | D        | Bought a potion of resistance for 140 gold pieces
   708 | D        | Bought a potion of heal wounds for 70 gold pieces
   749 | D        | Killed a wyvern
   750 | D        | Reached skill level 5 in Fighting
   757 | D        | HP: 1/59 [wyvern (13)]
   758 | D        | Demolished by a wyvern

Illustrated notes

Levels and vault maps discovered:
D:        the_violet_keep_of_menkaure [sprint2_stairs_cluster_1,
          sprint2_shoproom, sprint2_temple, sprint2_basic_supplies,
          sprint2_obstacle_5, sprint2_obstacle_2, sprint2_obstacle_4,
          sprint2_obstacle_1, sprint2_obstacle_7, sprint2_timed_cluster_1,
          sprint2_smallroom_cluster_1, sprint2_smallroom_final_cluster_1,
          sprint2_transparent_cluster_1, sprint2_second_timed_cluster_1,
          sprint2_sniper_area_1, sprint2_heavy_combat_area_1,
          sprint2_mutation_trap_area_1, sprint2_forest_area_1,
          sprint2_light_combat_area_1, sprint2_behind_water_1,
          sprint2_near_end_vault_1]

Skill      XL: |  1  2  3  4  5  6  7  8 |
---------------+-------------------------+-----
Fighting       | 3 4 5 |  5.1
Long Blades    | 5 6 8 10 12 | 12.9
Throwing       | 2 |  2.3
Dodging        | 5 6 7 8 9 |  9.4
Armour         | 1 2 3 |  3.7

Action                     |  1- 3 |  4- 6 |  7- 9 || total
---------------------------+-------+-------+-------++-------
  Melee: Long sword        |     4 |    28 |    58 ||    90
         Punch             |       |       |     1 ||     1
         Demon blade       |       |       |    17 ||    17
  Throw: Throwing net      |       |       |     3 ||     3
    Use: Potion            |     1 |     2 |     3 ||     6
 Armour: Leather armour    |     1 |    11 |    32 ||    44
  Dodge: Dodged            |     3 |     7 |    54 ||    64

Table legend: (Time is in decaauts)
 A = Elapsed time spent in this place.
 B = Non-inter-level travel time spent in this place.
 C = Inter-level travel time spent in this place.
 D = Time resting spent in this place.
 E = Time spent auto-exploring this place.
 F = Levels seen in this place.
 G = Mean time per level.
                   A        B        C        D        E       F      G
               +--------+--------+--------+--------+--------+-----+--------+
         Total |    731 |    731 |      0 |    437 |     37 |   1 |  731.0 |
       Dungeon |    731 |    731 |      0 |    437 |     37 |   1 |  731.0 |
               +--------+--------+--------+--------+--------+-----+--------+

Top non-repeatable levels by time:
       D: 731 daAuts
